 Dungeon Crawl Stone Soup version 0.24-a0-271-ga0fc33f (webtiles) character file.

Game seed: 13414390979110728310

777 Lanoc the Slasher (level 7, -1/49 HPs)
             Began as an Octopode Monk on Apr 24, 2019.
             Was a Priest of Zin.
             Slain by a centaur
             ... wielding a cursed -3 shortbow
              (9 damage)
             ... on level 5 of the Dungeon.
             The game lasted 00:08:51 (3458 turns).

Lanoc the Slasher (Octopode Monk)                   Turns: 3458, Time: 00:08:52

Health: -1/49      AC:  1    Str: 10    XL:     7   Next: 84%
Magic:  9/9        EV: 16    Int: 13    God:    Zin [***...]
Gold:   212        SH:  0    Dex: 16    Spells: 6/6 levels left

rFire    . . .     SeeInvis .   y - +0 long sword
rCold    . . .     Gourm    .   (no shield)
rNeg     . . .     Faith    .   (helmet restricted)
rPois    .         Spirit   .   x - amulet of rage
rElec    .         Reflect  .   z - +1 ring of slaying
rCorr    .         Harm     .   (no ring)
MR       .....                  (no ring)
Stlth    ++++......             (no ring)
HPRegen  0.16/turn              (no ring)
MPRegen  0.11/turn              (no ring)
                                (no ring)
                                (no ring)

@: no status effects
A: almost no armour, stealthy swim, amphibious, 8 rings, constrict 8, camouflage
1, gelatinous body 1
a: Recite, Vitalisation, Imprison, Donate Gold, Renounce Religion, Evoke Berserk
Rage


You were on level 5 of the Dungeon.
You worshipped Zin.
Zin was most pleased with you.
You were hungry.

You visited 2 branches of the dungeon, and saw 6 of its levels.

You collected 235 gold pieces.
You donated 23 gold pieces to Zin.

Inventory:

Hand Weapons
 a - a +0 falchion
 y - a +0 long sword (weapon)
Jewellery
 x - an amulet of rage (around mantle)
 z - a +1 ring of slaying (left tentacle)
Wands
 m - a wand of acid (12)
 n - a wand of clouds (5)
 w - a wand of flame (26)
Scrolls
 c - 2 scrolls of fog {unknown}
 d - 9 scrolls of identify {unknown}
 e - 3 scrolls of enchant weapon {unknown}
 i - 3 scrolls of enchant armour {unknown}
 k - a scroll of random uselessness {unknown}
 l - 2 scrolls of immolation {unknown}
 t - 2 scrolls of magic mapping {unknown}
 u - a scroll of amnesia {unknown}
 v - 3 scrolls of teleportation {unknown}
Potions
 f - 2 potions of curing
 g - a potion of lignification
 j - a potion of haste {unknown}
 o - a potion of invisibility {unknown}
 p - a potion of ambrosia {unknown}
 q - a potion of brilliance
 r - a potion of might {unknown}
 s - a potion of magic {unknown}
Comestibles
 b - 8 rations
 h - 2 chunks of flesh


   Skills:
 + Level 4.6 Fighting
 * Level 6.0 Long Blades
 + Level 4.5 Dodging
 - Level 5.0 Stealth
 + Level 3.2 Invocations


You had 6 spell levels left.
You didn't know any spells.
Your spell library contained the following spells:

 Spells                   Type           Power        Failure   Level  Hunger
 Magic Dart               Conj           #...         30%         1    ##.....
 Blink                    Tloc           N/A          43%         2    ###....
 Call Imp                 Summ           #.......     43%         2    ###....
 Slow                     Hex            #.......     43%         2    ###....
 Conjure Flame            Conj/Fire      #.......     67%         3    ####...
 Mephitic Cloud           Conj/Pois/Air  #.......     67%         3    ####...


Dungeon Overview and Level Annotations

Branches:
Dungeon (5/15)             Temple (1/1) D:4

Altars:
Dithmenos
Elyvilon
Qazlal
Vehumet
Xom
Yredelemnul
Zin

Annotations:
D:5 Prince Ribbit


Innate Abilities, Weirdness & Mutations

You cannot wear most types of armour.
You are very stealthy in the water. (Stealth+)
You are amphibious.
You can wear up to eight rings at the same time.
You can use your tentacles to constrict eight enemies at once.
Your skin changes colour to match your surroundings (Stealth+).
Your rubbery body absorbs attacks. (AC +1, EV +1)


Message History

You are feeling hungry.
You hit the centaur. You squeeze the centaur.
The centaur is heavily wounded.
The centaur barely misses you. The centaur closely misses you.
You riposte.
You hit the centaur but do no damage.
You squeeze the centaur, but do no damage.
The centaur is heavily wounded.
The jelly completely misses you.
You riposte.
You slash the jelly! You squeeze the jelly.
The jelly is almost dead.
You hit the jelly.
You kill the jelly!
Your Long Blades skill increases to level 6!
The centaur misses you.
You riposte.
You hit the centaur.
The centaur is severely wounded.
You hit the centaur.
The centaur is severely wounded.
The centaur hits you but does no damage.
The centaur hits you with a cursed -3 shortbow!
You die...

#.......##......#.....
#...#.....!...........
....#...#.............
#...#.......#...#....
......#._†#.#...#....
..........(.(...)##
#...#...#.........#
#...#.....(...(..c#
.............(..@.#
#...######..........#
#...# #........#.#
###.. #..####.## # #
#.? #.# #.# #.# #. #.#
#?#


You could see a centaur.

Vanquished Creatures
  Eustachio (D:4)
  An ogre (D:4)
  2 hounds
  An orc priest (D:3)
  A jelly (D:5)
  An orc wizard (D:2)
  3 worker ants
  Natasha (thrice) (D:3)
  An iguana (D:4)
  Robin (D:4)
  11 adders
  An ooze (D:3)
  4 worms
  3 dart slugs
  4 leopard geckos
  6 orcs
  5 giant cockroaches
  11 goblins
  9 hobgoblins
  8 jackals (D:2)
  9 kobolds
  3 quokkas
  A ball python (D:2)
  A ball python skeleton (D:4)
  6 bats
  6 frilled lizards
  A jackal skeleton (D:4)
  6 rats
110 creatures vanquished.

Notes
Turn   | Place    | Note
-------+----------+-------------------------------------------
     0 | D:1      | Lanoc the Octopode Monk began the quest for the Orb.
     0 | D:1      | Reached XP level 1. HP: 16/16 MP: 1/1
   188 | D:1      | Reached XP level 2. HP: 21/21 MP: 2/2
   428 | D:2      | Found a glowing silver altar of Zin.
   428 | D:2      | Found a shimmering altar of Xom.
   428 | D:2      | Noticed an angel
   436 | D:2      | Reached XP level 3. HP: 26/26 MP: 3/3
   442 | D:2      | Became a worshipper of Zin the Law-Giver
   442 | D:2      | Reached * piety under Zin
   442 | D:2      | Reached ** piety under Zin
   637 | D:2      | HP: 1/26 [adder (5)]
   643 | D:2      | Reached XP level 4. HP: 14/31 MP: 4/4
   868 | D:2      | Reached *** piety under Zin
   976 | D:2      | Found a basalt altar of Yredelemnul.
  1077 | D:2      | Found a white marble altar of Elyvilon.
  1176 | D:3      | Reached skill level 4 in Long Blades
  1176 | D:3      | Reached skill level 1 in Invocations
  1220 | D:3      | Reached XP level 5. HP: 36/36 MP: 5/5
  1266 | D:3      | Noticed Natasha
  1275 | D:3      | Killed Natasha
  1624 | D:2      | Reached XP level 6. HP: 27/43 MP: 7/7
  1800 | D:3      | Noticed Natasha
  1810 | D:3      | Killed Natasha
  2199 | D:3      | Noticed Natasha
  2209 | D:3      | Killed Natasha
  2527 | D:4      | Reached skill level 5 in Long Blades
  2575 | D:4      | Noticed Eustachio
  2602 | D:4      | Killed Eustachio
  2602 | D:4      | Reached XP level 7. HP: 24/48 MP: 8/8
  2607 | D:4      | Reached skill level 5 in Stealth
  2849 | D:4      | Noticed Robin
  2874 | D:4      | Killed Robin
  2911 | D:4      | Found a shadowy altar of Dithmenos.
  3113 | D:4      | Found a staircase to the Ecumenical Temple.
  3189 | Temple   | Entered the Ecumenical Temple
  3338 | D:5      | Entered Level 5 of the Dungeon
  3338 | D:5      | Noticed Prince Ribbit
  3349 | D:5      | HP: 2/49 [Prince Ribbit (10)]
  3442 | D:5      | Found a radiant altar of Vehumet.
  3457 | D:5      | Reached skill level 6 in Long Blades
  3458 | D:5      | Slain by a centaur

Levels and vault maps discovered:
D:1:      zelgadis_glass_arrival_small, layout_rooms
D:2:      layout_loops_cross, kennysheep_ying_yang,
          grunt_temple_overflow_order_and_chaos_1, first_ration
D:3:      layout_loops_ring, uniq_natasha
D:4:      minmay_skewed_foursquare, layout_cave_pools,
          nicolae_dithmenos_shadow_blocks, uniq_robin, uniq_eustachio
D:5:      layout_rooms, vehumet_altar_wand_db, trog_eyes_of_draining,
          uniq_prince_ribbit1
Temple:   eino_wide_crystal_templ

Skill      XL: |  1  2  3  4  5  6  7 |
---------------+----------------------+-----
Stealth        | 3 4 5 |  5.0
Long Blades    | 4 5 6 |  6.0
Invocations    | 1 2 3 |  3.2
Fighting       | 4 |  4.6
Dodging        | 4 |  4.5

Action                   |  1- 3 |  4- 6 |  7- 9 || total
-------------------------+-------+-------+-------++-------
Melee: Falchion          |    63 |   128 |    63 ||   254
       Constrict         |    26 |    38 |    20 ||    84
       Tentacles         |    13 |    29 |    27 ||    69
       Long sword        |       |       |     5 ||     5
  Use: Potion            |     2 |     3 |     3 ||     8
 Stab: Sleeping          |     7 |    11 |     6 ||    24
       Distracted        |       |     2 |       ||     2
  Eat: Chunk             |       |     5 |     3 ||     8
Armor: Skin              |     7 |     4 |     3 ||    14
Dodge: Dodged            |    47 |    89 |    50 ||   186
       Rpst.: Falchion   |    12 |    27 |    14 ||    53
       Long sword        |       |       |     4 ||     4

Table legend:
 A = Non-vault XP
 B = Vault XP
 C = Vault XP percentage of total XP
 D = Non-vault monster count
 E = Vault monster count
 F = Vault count percentage of total count
                 A         B        C        D         E       F
            +---------+---------+-------+---------+---------+-------
      Total |     826 |     284 |  25.6 |      94 |      16 |  14.5
            +---------+---------+-------+---------+---------+-------
        D:1 |      22 |       0 |   0.0 |      10 |       0 |   0.0
        D:2 |     156 |       0 |   0.0 |      41 |       0 |   0.0
        D:3 |     256 |      36 |  12.3 |      29 |       1 |   3.3
        D:4 |     318 |     246 |  43.6 |      12 |      14 |  53.8
        D:5 |      74 |       2 |   2.6 |       2 |       1 |  33.3
            +---------+---------+-------+---------+---------+-------
